 Dungeon Crawl Stone Soup version 0.31-a0-263-ge8cad7f256 (webtiles) character file.

Game seed: 2005791981541691271

30 qw the Shooter (level 3, -4/29 HPs)
             Began as a Minotaur Hexslinger on July 13, 2023.
             Slain by Terence
             ... wielding a +0 hand axe
              (10 damage)
             ... on level 2 of the Dungeon.
             The game lasted 00:00:18 (731 turns).

qw the Shooter (Minotaur Hexslinger)                 Turns: 731, Time: 00:00:19

Health: -4/29      AC:  2    Str: 12    XL:     3   Next: 3%
Magic:  3/3        EV: 12    Int: 10    God:
Gold:   73         SH:  0    Dex: 14    Spells: 3/4 levels left

rFire   . . .        a - +1 sling
rCold   . . .        (no shield)
rNeg    . . .        c - +0 robe
rPois   .            (helmet restricted)
rElec   .            (no cloak)
rCorr   .            (no gloves)
SInv    .            (no boots)
Will    .....        (no amulet)
Stlth   +            (no ring)
HPRegen 0.24/turn    (no ring)
MPRegen 0.08/turn

%: no passive effects
@: no status effects
A: horns 2, retaliatory headbutt
a: no special abilities


You were on level 2 of the Dungeon.
You visited 1 branch of the dungeon, and saw 2 of its levels.

You collected 73 gold pieces.


Innate Abilities, Weirdness & Mutations

You have a pair of horns on your head.
You reflexively headbutt those who attack you in melee.


   Skills:
 - Level 2.1 Fighting
 + Level 3.5 Ranged Weapons
 - Level 2.1 Dodging
 - Level 1.0 Spellcasting
 - Level 2.0 Hexes


You had 3 spell levels left.
You knew the following spells:

 Your Spells              Type           Power      Damage    Failure   Level
a - Slow                  Hex            16%        N/A       16%         1

Your spell library contained the following spells:

 Spells                   Type           Power      Damage    Failure   Level
 Inner Flame              Hex/Fire       2%         N/A       56%         3
 Portal Projectile        Hex/Tloc       4%         N/A       56%         3
 Cause Fear               Hex            2%         N/A       83%         4

Inventory:

Hand Weapons
 a - a +1 sling (weapon)
Armour
 c - a +0 robe (worn)
Potions
 d - a potion of magic {unknown}
 e - a potion of degeneration {unknown}
 f - a potion of berserk rage {unknown}
 g - a potion of curing {unknown}

Dungeon Overview and Level Annotations

Branches:
Dungeon (2/15)

Altars:
Zin

Annotations:
D:2 Terence


Message History

There is a stone staircase leading down here.
You climb downwards.
There is a stone staircase leading up here.
Waypoint 1 assigned to D:2.
Found 4 stones.
Terence the Incautious comes into view.
He is wielding a +0 hand axe.
Found a glowing silver altar of Zin.
Terence shouts!
A giant cockroach comes into view.
You shoot a sling bullet.
The sling bullet hits Terence but does no damage.
You shoot a sling bullet. The sling bullet barely misses Terence.
You shoot a sling bullet.
The sling bullet hits Terence but does no damage.
You shoot a sling bullet. The sling bullet hits Terence.
Terence is lightly wounded.
Terence hits you but does no damage.
You shoot a sling bullet. The sling bullet barely misses Terence.
Terence hits you with a +0 hand axe!
The giant cockroach bites you but does no damage.
Terence hits you with a +0 hand axe.
You shoot a sling bullet. The sling bullet hits Terence.
Terence is heavily wounded.
The giant cockroach bites you. Terence hits you with a +0 hand axe!
The giant cockroach bites you.
You shoot a sling bullet.
The sling bullet hits Terence but does no damage.
Terence is heavily wounded.
Terence completely misses you. The giant cockroach barely misses you.
You shoot a sling bullet.
The sling bullet hits Terence but does no damage.
Terence is heavily wounded.
The giant cockroach misses you. You furiously retaliate!
You headbutt the giant cockroach. Terence barely misses you.
You furiously retaliate!
You headbutt Terence! You shoot a sling bullet.
The sling bullet hits Terence but does no damage.
Terence is severely wounded.
The giant cockroach closely misses you. Terence hits you with a +0 hand axe!
You die...

### ... ..#
#.# #.#
####.#
#....#
#.##<#
#@##.#
#.....@B...#
.......##..#
..._.?.
#....
#.....#
#..###
.....( ...#
...... ##.#
.#....


You could see Terence and a giant cockroach.

Vanquished Creatures
  2 dart slugs (D:1)
  A ball python (D:1)
  2 endoplasms (D:1)
  3 goblins (D:1)
  2 hobgoblins (D:1)
  3 kobolds (D:1)
  2 quokkas (D:1)
  4 bats (D:1)
  3 frilled lizards (D:1)
  2 rats (D:1)
24 creatures vanquished.

Notes
Turn   | Place    | Note
-------+----------+-------------------------------------------
     0 | D:1      | qw the Minotaur Hexslinger began the quest for the Orb.
     0 | D:1      | Reached XP level 1. HP: 16/16 MP: 1/1
     0 | D:1      | Noticed a red draconian
     0 | D:1      | 0 ||| qw: Version: 0.3-a-52-g30416fa
     0 | D:1      | 0 ||| qw: Game counter: 7533
     0 | D:1      | 0 ||| qw: Melee chars always use a shield: true
     0 | D:1      | 0 ||| qw: God list: Okawaru
     0 | D:1      | 0 ||| qw: Allow faded altars: false
     0 | D:1      | 0 ||| qw: Do Orc after clearing Dungeon:15 true
     0 | D:1      | 0 ||| qw: Do second Lair branch before Depths: true
     0 | D:1      | 0 ||| qw: Lair rune preference: random
     0 | D:1      | 0 ||| qw: Goals: Normal
     0 | D:1      | 0 ||| PLANNING D:1-11
     1 | D:1      | Noticed an ice dragon
     2 | D:1      | Noticed an ice dragon
     7 | D:1      | Noticed an ice dragon
     8 | D:1      | Noticed a red draconian
     9 | D:1      | Noticed a large abomination
    10 | D:1      | Noticed a tentacled monstrosity
    12 | D:1      | Noticed a tentacled monstrosity
    14 | D:1      | Noticed a black draconian
    16 | D:1      | Noticed an ice dragon
    16 | D:1      | Noticed a shadow dragon
    18 | D:1      | Noticed an orb of fire
    18 | D:1      | Noticed a shadow dragon
    18 | D:1      | Noticed a large abomination
    20 | D:1      | Noticed an ice dragon
    20 | D:1      | Noticed a large abomination
    22 | D:1      | Noticed an ice dragon
    89 | D:1      | Reached skill level 3 in Ranged Weapons
   143 | D:1      | Reached XP level 2. HP: 23/23 MP: 2/2
   553 | D:1      | Reached XP level 3. HP: 29/29 MP: 3/3
   708 | D:1      | 708 ||| DROPPING scroll of poison.
   722 | D:2      | Found a glowing silver altar of Zin.
   722 | D:2      | Noticed Terence
   728 | D:2      | HP: 6/29 [Terence/+0 hand axe (8)]
   731 | D:2      | Slain by Terence

Levels and vault maps discovered:
D:1:      shiori_arrival_whats_in_store_for_you, layout_basic
D:2:      layout_loops_ring, basic_altar, grunt_decor_fettered,
          chequers_serial_rivers_small_a, uniq_sigmund, uniq_crazy_yiuf_cottage,
          uniq_terence

Skill      XL: |  1  2 |
---------------+-------+-----
Ranged Weapons | 3 |  3.5
Fighting       | 2 |  2.1
Dodging        | |  2.1
Spellcasting   | |  1.0
Hexes          | |  2.0

Action                     || total
---------------------------++-------
   Fire: Sling             ||    85
 Armour: Robe              ||    13
  Dodge: Dodged            ||    23

Table legend:
 A = Non-vault XP
 B = Vault XP
 C = Vault XP percentage of total XP
 D = Non-vault monster count
 E = Vault monster count
 F = Vault count percentage of total count
                 A         B        C        D         E       F
            +---------+---------+-------+---------+---------+-------
      Total |      43 |       0 |   0.0 |      24 |       0 |   0.0
            +---------+---------+-------+---------+---------+-------
        D:1 |      43 |       0 |   0.0 |      24 |       0 |   0.0
            +---------+---------+-------+---------+---------+-------
